 Dungeon Crawl Stone Soup version 0.31-a0-620-gd1cbd99268 (webtiles) character file.

Game seed: 10907529966400038401

47031 Dittersdorf the Protected (level 14, -4/96 HPs)
             Began as a Gargoyle Fighter on Aug 23, 2023.
             Was the Champion of Okawaru.
             Killed from afar by an ice dragon (11 damage)
             ... with a blast of cold
             ... on level 5 of the Lair of Beasts.
             The game lasted 00:26:11 (18502 turns).

Dittersdorf the Protected (Gargoyle Fighter)       Turns: 18502, Time: 00:26:12

Health: -4/96      AC: 42    Str: 24    XL:     14   Next: 40%
Magic:  14/14      EV: 12    Int: 13    God:    Okawaru [******]
Gold:   844        SH:  8    Dex:  9    Spells: 13/13 levels left

rFire   . . .        s - +3 flail (venom)
rCold   . . .        c - +1 buckler
rNeg    + . .        D - +5 plate armour "Yrobint" {+Inv rElec Int+3}
rPois   ∞            q - +1 helmet
rElec   +            E - +2 cloak {Stlth+}
rCorr   +            t - +1 Delatra's gloves {ID++}
SInv    .            G - +0 pair of boots
Will    +....        I - amulet of the acrobat Stlth
                     z - ring of resist corrosion
HPRegen 0.36/turn    w - +5 ring of evasion
MPRegen 0.14/turn

%: acrobat
@: flying
A: sickness immunity, AC +10, big wings, negative energy resistance 1,
electricity resistance, torment resistance 1, petrification resistance
a: Renounce Religion, Evoke Invisibility, Heroism, Finesse, Duel


You were on level 5 of the Lair of Beasts.
You worshipped Okawaru.
Okawaru was exalted by your worship.
You visited 3 branches of the dungeon, and saw 16 of its levels.

You collected 1031 gold pieces.
You spent 187 gold pieces at shops.

Inventory:

Hand Weapons
 s - a +3 flail of venom (weapon)
 x - a +0 morningstar
Missiles
 o - 13 poisoned darts
Armour
 c - a +1 buckler (worn)
 q - a +1 helmet (worn)
 t - the +1 Delatra's gloves (worn) {ID++}
   (You found it on level 3 of the Dungeon)

   ID++:      It heals its wearer when they drink unknown potions, and restores
   their MP when they read unknown scrolls.
 D - the +5 plate armour "Yrobint" (worn) {+Inv rElec Int+3}
   (Okawaru gifted it to you on level 3 of the Lair of Beasts)

   Int+3:     It affects your intelligence (+3).
   rElec:     It insulates you from electricity.
   +Inv:      It lets you turn invisible.
 E - a +2 cloak of stealth (worn)
 G - a +0 pair of boots (worn)
Jewellery
 m - the ring "Otzoud Nets" {Fly rC+}
   (You found it on level 5 of the Dungeon)

   [ring of protection from cold]

   rC+:       It protects you from cold.
   Fly:       It grants you flight.
 w - a +5 ring of evasion (right hand)
 z - a ring of resist corrosion (left hand)
 H - a ring of ice
 I - an amulet of the acrobat (around neck)
Wands
 g - a wand of flame (82)
 j - a wand of paralysis (6) (quivered)
 l - a wand of mindburst (15)
 r - a wand of digging (13)
 A - a wand of acid (9)
 F - a wand of iceblast (11)
Scrolls
 f - 3 scrolls of blinking
 u - a scroll of poison
 v - 3 scrolls of fog
 y - 4 scrolls of teleportation
 B - a scroll of enchant armour
 C - 2 scrolls of revelation
 J - a scroll of enchant weapon
 K - a scroll of fear
 M - a scroll of brand weapon
Potions
 a - 4 potions of enlightenment
 b - 2 potions of heal wounds
 d - 3 potions of might
 e - 2 potions of berserk rage
 i - 3 potions of brilliance
 k - 6 potions of curing
 n - 5 potions of mutation
 p - 3 potions of haste
 L - a potion of ambrosia


   Skills:
 + Level 14.0 Fighting
 + Level 12.7 Maces & Flails
 + Level 14.0 Armour
 + Level 14.0 Shields


You had 13 spell levels left.
You didn't know any spells.
Your spell library contained the following spells:

 Spells                   Type           Power      Damage    Failure   Level
 Shock                    Conj/Air       0%         1d3       96%         1
 Hailstorm                Conj/Ice       0%         3d3       100%        3
 Portal Projectile        Hex/Tloc       0%         N/A       100%        3
 Swiftness                Air            0%         N/A       100%        3
 Dispel Undead            Necr           0%         3d6       100%        4
 Leda's Liquefaction      Hex/Erth       0%         N/A       100%        4
 Fireball                 Conj/Fire      0%         3d3       100%        5
 Freezing Cloud           Conj/Ice/Air   0%         6-21      100%        5
 Iskenderun's Battlesphe  Conj           0%         2d6       100%        5
 Conjure Ball Lightning   Conj/Air       0%         3x3d6     100%        6
 Eringya's Noxious Bog    Tmut/Pois      0%         4d6       100%        6
 Orb of Destruction       Conj           0%         9d5       100%        7
 Discord                  Hex            0%         N/A       100%        8
 Disjunction              Tloc           0%         N/A       100%        8
 Chain Lightning          Conj/Air       0%         N/A       100%        9
 Summon Small Mammal      Summ           Unusable   N/A       N/A         1
 Cigotuvi's Dreadful Rot  Necr/Pois/Air  Unusable   N/A       N/A         2
 Call Canine Familiar     Summ           Unusable   N/A       N/A         3
 Summon Guardian Golem    Hex/Summ       Unusable   N/A       N/A         3
 Summon Ice Beast         Ice/Summ       Unusable   N/A       N/A         4
 Summon Forest            Summ/Tloc      Unusable   N/A       N/A         5
 Death Channel            Necr           Unusable   N/A       N/A         6
 Simulacrum               Ice/Necr       Unusable   N/A       N/A         6
 Summon Hydra             Summ           Unusable   N/A       N/A         7

Dungeon Overview and Level Annotations

Branches:
Dungeon (10/15)            Temple (1/1) D:7            Lair (5/5) D:9
 Shoals (0/4) Lair:3        Snake (0/4) Lair:2        Slime (0/5) Lair:4
    Orc: D:9-12

Altars:
Ashenzari
Cheibriados
Dithmenos
Elyvilon
Fedhas
Gozag
Hepliaklqana
Kikubaaqudgha
Makhleb
Nemelex Xobeh
Okawaru
Ru
Sif Muna
Trog
Uskayaw
Wu Jian
Xom
Yredelemnul
Zin
The Shining One
Jiyva

Shops:
D:9 *:(

Annotations:
D:4 2 runed translucent doors
D:7 1 runed translucent door
Lair:4 1 runed translucent door


Innate Abilities, Weirdness & Mutations

You are immune to sickness and miasma.
Your stone body is resilient. (AC +10)
You are immune to poison.
Your large and strong wings let you fly.
You resist negative energy. (rN+)
You are resistant to electric shocks. (rElec)
You are resistant to unholy torment.
You are immune to petrification.


Message History

The eight-headed hydra misses you.
You block the eight-headed hydra's attack.
The rime drake attacks as it pursues you!
The rime drake completely misses you.
The white imp picks up a beetle and eats it.
The eight-headed hydra attacks as it pursues you!
The eight-headed hydra misses you.
You block the eight-headed hydra's attack.
The eight-headed hydra bites you but does no damage. x6
The eight-headed hydra attacks as it pursues you!
The eight-headed hydra misses you. x2
The eight-headed hydra closely misses you. x2
The eight-headed hydra completely misses you. x2
The eight-headed hydra barely misses you. x2
The rime drake attacks as it pursues you!
The rime drake misses you.
The rime drake attacks as it pursues you!
The rime drake misses you.
The hell rat twitches its whiskers.
The rime drake breathes ice at you. You block the icy flash freeze.
The eight-headed hydra closely misses you.
You block the eight-headed hydra's attack.
The eight-headed hydra completely misses you.
You block the eight-headed hydra's attack.
The eight-headed hydra completely misses you.
You block the eight-headed hydra's attack.
The eight-headed hydra completely misses you.
The eight-headed hydra bites you but does no damage.
The ice dragon breathes frost at you. The blast of cold hits you!!
* * * LOW HITPOINT WARNING * * *
The white imp gestures at you. The puff of frost hits you!
* * * LOW HITPOINT WARNING * * *
The white imp puffs mist at you.
There is a stone staircase leading up here.
The ice dragon breathes frost at you. The blast of cold hits you!
You die...

..##..#.#....##..##..~~≈≈≈≈
............rY......≈≈≈≈≈≈≈
............r...r....~.≈≈≈≈
............Yk.5...≈~...≈≈≈
###..#.#.......Y...≈≈≈.~≈≈≈
##.####..##rD.Y...≈~..~≈≈
### #####....D...~≈≈≈...
#### ##.##.#......⌠.≈~≈...
....P##..#......@.........
.........................
.......<.................
.........................
..####PP#....P..#........
#######.#.##....... #####
#....#. .....


You could see an ice dragon (catching breath), an eight-headed hydra, a rime
drake, 4 ice beasts, 4 hell rats and a white imp.

Vanquished Creatures
  6 hydras
  A boulder beetle (Lair:2)
  A two-headed ogre (D:9)
  12 death yaks
  Amaemon (Lair:2)
  2 skysharks
  3 harpies (Lair:2)
  A lindwurm (Lair:4)
  A salamander (Lair:2)
  Maurice (D:8)
  4 black mambas
  8 elephants
  An orange demon (Lair:2)
  6 cane toads
  2 torpor snails
  A rime drake (Lair:3)
  7 komodo dragons
  A troll (D:10)
  8 polar bears
  A hornet (D:10)
  26 blink frogs
  Sigmund (D:5)
  2 shadows
  A spriggan (Lair:3)
  A wyvern (Lair:3)
  41 yaks
  2 basilisks
  A steam dragon (D:7)
  Menkaure (D:5)
  14 water moccasins
  An acid dragon (D:9)
  An orc warrior (D:10)
  2 sky beasts
  5 ice beasts (Lair:5)
  5 black bears
  An ogre (D:5)
  A centaur (D:10)
  22 wolves
  3 phantoms
  2 kobold brigands
  13 bullfrogs
  2 scorpions
  16 wights
  18 killer bees
  A howler monkey (D:6)
  2 lava snakes (Lair:2)
  5 hounds
  5 jellies
  Crazy Yiuf (D:7)
  7 orc priests
  An iron imp (D:3)
  A sleepcap (D:7)
  Ijyb (D:4)
  6 iguanas
  Natasha (thrice) (D:3)
  5 orc wizards
  4 gnolls (D:5)
  12 adders
  2 white imps
  An ufetubus (D:6)
  2 worms
  4 dart slugs
  36 orcs
  6 ball pythons
  5 bats
  15 endoplasms
  2 giant cockroaches
  5 goblins
  4 hobgoblins
  2 jackals (D:1)
  A quokka (D:2)
  4 frilled lizards
  A jackal zombie (D:7)
  23 kobolds
  6 rats
423 creatures vanquished.

Notes
Turn   | Place    | Note
-------+----------+-------------------------------------------
     0 | D:1      | Dittersdorf the Gargoyle Fighter began the quest for the
                  | Orb.
     0 | D:1      | Reached XP level 1. HP: 14/14 MP: 1/1
    60 | D:1      | Reached XP level 2. HP: 16/19 MP: 2/2
   413 | D:1      | Reached XP level 3. HP: 22/23 MP: 3/3
  1203 | D:2      | Reached XP level 4. HP: 28/29 MP: 4/4
  1995 | D:3      | Found a faded altar of an unknown god.
  2148 | D:3      | Noticed Natasha
  2155 | D:3      | Killed Natasha
  2156 | D:3      | Reached XP level 5. HP: 29/33 MP: 5/5
  2210 | D:3      | Found a snail-covered altar of Cheibriados.
  2260 | D:3      | Noticed Natasha
  2271 | D:3      | Killed Natasha
  2300 | D:3      | Noticed Natasha
  2313 | D:3      | Killed Natasha
  2509 | D:3      | Reached XP level 6. HP: 39/39 MP: 6/6
  2512 | D:3      | Found the +1 Delatra's gloves {ID++}
  2625 | D:4      | Found an ancient bone altar of Kikubaaqudgha.
  2899 | D:4      | Found a large runed translucent door.
  2899 | D:4      | Found a large runed translucent door.
  2914 | D:4      | Identified the +0 robe of Truth {Contam Will++ Int+6}
  2952 | D:4      | Noticed Ijyb
  2961 | D:4      | Killed Ijyb
  2962 | D:4      | Reached skill level 5 in Armour
  2962 | D:4      | Reached skill level 5 in Shields
  2964 | D:4      | Reached XP level 7. HP: 21/44 MP: 7/7
  3335 | D:4      | Found a hazy altar of Hepliaklqana.
  3364 | D:4      | Reached skill level 5 in Fighting
  3977 | D:5      | Entered Level 5 of the Dungeon
  3991 | D:5      | Noticed Sigmund
  3997 | D:5      | Killed Sigmund
  4350 | D:5      | Identified the ring "Otzoud Nets" {Fly rC+}
  4564 | D:5      | Noticed Menkaure
  4568 | D:5      | Killed Menkaure
  4569 | D:5      | Reached XP level 8. HP: 27/51 MP: 8/8
  4815 | D:5      | Reached skill level 5 in Maces & Flails
  5996 | D:6      | Reached XP level 9. HP: 54/56 MP: 9/9
  6017 | D:7      | Found a staircase to the Ecumenical Temple.
  6026 | Temple   | Entered the Ecumenical Temple
  6035 | Temple   | Became a worshipper of Warmaster Okawaru
  6067 | D:7      | Found a runed translucent door.
  6075 | D:7      | Found a basalt altar of Yredelemnul.
  6107 | D:7      | Identified the +0 robe of Poor Excuses {rF- rCorr Stlth+}
  6303 | D:7      | Reached * piety under Okawaru
  6437 | D:7      | Found a runed translucent door.
  6438 | D:7      | Noticed Crazy Yiuf
  6625 | D:7      | Found a glowing silver altar of Zin.
  6852 | D:7      | Killed Crazy Yiuf
  7180 | D:8      | Reached ** piety under Okawaru
  7561 | D:8      | Noticed Maurice
  7578 | D:8      | Killed Maurice
  7579 | D:8      | Reached XP level 10. HP: 59/65 MP: 10/10
  8047 | D:9      | Found Xixt's Book Emporium.
  8103 | D:9      | Found Nups's Antique Weapon Emporium.
  8313 | D:9      | Reached *** piety under Okawaru
  8356 | D:9      | Found Tohinumy's Assorted Antiques.
  8380 | D:9      | Bought a shiny helmet for 165 gold pieces
  8385 | D:9      | Bought a scroll labelled SUNAKL DIRIROQ for 22 gold pieces
  8632 | D:9      | Noticed a two-headed ogre
  8642 | D:9      | Killed a two-headed ogre
  8746 | D:9      | Found a staircase to the Lair.
  8746 | D:9      | Noticed a death yak
  8746 | D:9      | Noticed a death yak
  8746 | D:9      | Noticed a death yak
  8747 | D:9      | Noticed a death yak
  8747 | D:9      | Noticed a death yak
  8767 | D:8      | Killed a death yak
  8767 | D:8      | Reached **** piety under Okawaru
  8824 | D:9      | Noticed a death yak
  8864 | D:8      | HP: 3/66 [death yak (1)]
  8870 | D:8      | Killed a death yak
  8871 | D:8      | Reached XP level 11. HP: 6/71 MP: 11/11
  9106 | D:7      | Killed a death yak
  9367 | D:9      | Killed a death yak
  9368 | D:9      | Reached skill level 10 in Armour
  9368 | D:9      | Reached skill level 10 in Shields
  9381 | D:9      | HP: 3/72 [death yak (14)]
  9410 | D:9      | Killed a death yak
  9411 | D:9      | Reached skill level 10 in Fighting
  9624 | D:8      | Killed a death yak
  9716 | D:8      | Reached ***** piety under Okawaru
 10184 | D:10     | Entered Level 10 of the Dungeon
 10504 | D:10     | Identified the +0 sling of Cellex {drain, rElec rF+ rN+++
                  | Dex-5}
 11026 | Lair:1   | Entered Level 1 of the Lair of Beasts
 11047 | Lair:1   | Received a gift from Okawaru
 12594 | Lair:2   | Reached XP level 12. HP: 71/79 MP: 12/12
 12732 | Lair:2   | Reached skill level 10 in Maces & Flails
 12732 | Lair:2   | Found a staircase to the Snake Pit.
 13055 | Lair:2   | Noticed a six-headed hydra
 13283 | Lair:2   | Identified the +9 morningstar of Expedience {heavy, *Noise
                  | Str+3 Int+6 Dex+2} (Okawaru gifted it to you on level 2 of
                  | the Lair of Beasts)
 13283 | Lair:2   | Received a gift from Okawaru
 13322 | Lair:2   | Killed a six-headed hydra
 13335 | Lair:2   | Noticed a boulder beetle
 13345 | Lair:2   | Killed a boulder beetle
 13841 | Lair:2   | Noticed an eight-headed hydra
 13846 | Lair:2   | Killed an eight-headed hydra
 14167 | Lair:3   | Found a staircase to the Shoals.
 14175 | Lair:2   | Received a gift from Okawaru
 14175 | Lair:2   | Reached ****** piety under Okawaru
 14188 | Lair:2   | Reached XP level 13. HP: 76/86 MP: 13/13
 14220 | Lair:3   | Noticed Amaemon
 14594 | Lair:2   | Killed Amaemon
 14776 | Lair:3   | Identified the +8 dagger "Naaczetexa" {flame, Dex+3}
 14924 | Lair:3   | Identified the +5 plate armour "Yrobint" {+Inv rElec Int+3}
                  | (Okawaru gifted it to you on level 3 of the Lair of Beasts)
 14924 | Lair:3   | Received a gift from Okawaru
 17010 | Lair:4   | Gained mutation: Your large and strong wings let you fly.
                  | [Gargoyle growth]
 17010 | Lair:4   | Reached XP level 14. HP: 94/94 MP: 14/14
 17172 | Lair:4   | Identified the +1 scale mail "Cusiab" {rN+ rCorr} (Okawaru
                  | gifted it to you on level 4 of the Lair of Beasts)
 17172 | Lair:4   | Received a gift from Okawaru
 17399 | Lair:4   | Found a runed translucent door.
 17401 | Lair:4   | Found a viscous altar of Jiyva.
 17402 | Lair:4   | Noticed an acid blob
 17403 | Lair:4   | Found a staircase to the Slime Pits.
 17740 | Lair:5   | Entered Level 5 of the Lair of Beasts
 18068 | Lair:5   | Got the Spellbook of Austromancy
 18502 | Lair:5   | Killed from afar by an ice dragon

Illustrated notes

Levels and vault maps discovered:
D:1:      sevenhm_arrival_forest_fort_small_3, layout_basic
D:2:      layout_loops_corners
D:3:      layout_rooms, chei_slow_surprise, shapermc_ecumenical_altar_venn,
          pf_guarded_unrand_delatra, uniq_natasha
D:4:      cheibrodos_fertilizer, layout_basic, jmf_multi_god_temple2,
          nzn_hepliaklqana_mist_gate, mainiacjoe_overflow_tiny_flanked,
          uniq_ijyb
D:5:      layout_basic, uniq_menkaure, uniq_sigmund
D:6:      layout_cave_pools, amcnicky_mini_pool_medium
D:7:      layout_loops_ring, kennysheep_little_box, dk_yredelemnul_ordeal,
          minmay_temple_entry_poolview, uniq_crazy_yiuf_cottage
D:8:      layout_cave_pods, uniq_maurice
D:9:      layout_basic, dpeg_lair_monsters, serial_shops,
          nicolae_shop_just_a_little_nook, nicolae_wooded_promenade,
          minmay_strange_pillars
D:10:     layout_loops_ring
Temple:   eino_wide_crystal_templ
Lair:1:   layout_cave_shapes, guppyfry_lair_drakes
Lair:2:   layout_layer_cave, nicolae_snake_entry_warm_welcome,
          grunt_forest_small_clearings, beast_lair_carwin_7
Lair:3:   layout_roguey, nicolae_shoals_entry_roost,
          grunt_forest_large_clearing_hut, uniq_amaemon
Lair:4:   layout_regular_city, slime_entry_2
Lair:5:   guppyfry_lair_end_dragon, layout_long_grid, wormcave, ice2_lemuel

Skill      XL: |  1  2  3  4  5  6  7  8  9 10 11 12 13 14 |
---------------+-------------------------------------------+-----
Armour         | 4 5 6 8 9 11 12 13 14 | 14.0
Shields        | 4 5 6 8 9 10 12 13 14 | 14.0
Fighting       | 4 5 6 8 9 10 12 13 14 | 14.0
Maces & Flails | 3 4 5 7 8 9 11 12 | 12.7

Action                     |  1- 3 |  4- 6 |  7- 9 | 10-12 | 13-15 || total
---------------------------+-------+-------+-------+-------+-------++-------
  Melee: Flail             |    90 |   158 |   364 |   553 |   724 ||  1889
         Morningstar       |       |       |       |    55 |       ||    55
  Throw: Dart              |       |     3 |       |       |       ||     3
 Invoke: Heroism           |       |       |       |     6 |     4 ||    10
  Evoke: Wand              |       |     2 |     2 |     4 |       ||     8
    Use: Scroll            |       |    12 |     8 |     2 |     4 ||    26
   Stab: Paralysed         |       |     3 |     3 |       |       ||     6
         Distracted        |       |     1 |       |       |       ||     1
 Armour: Scale mail        |    35 |       |       |       |       ||    35
         Chain mail        |    20 |    85 |   176 |   361 |    78 ||   720
         Plate armour      |       |       |       |       |   467 ||   467
  Dodge: Dodged            |    40 |    56 |   220 |   417 |   584 ||  1317
  Block: Buckler           |    14 |    40 |    94 |   253 |   380 ||   781

Table legend: (Time is in decaauts)
 A = Elapsed time spent in this place.
 B = Non-inter-level travel time spent in this place.
 C = Inter-level travel time spent in this place.
 D = Time resting spent in this place.
 E = Time spent auto-exploring this place.
 F = Levels seen in this place.
 G = Mean time per level.
                   A        B        C        D        E       F      G
               +--------+--------+--------+--------+--------+-----+--------+
         Total |  18520 |  17839 |    681 |   2964 |  11201 |  16 | 1157.5 |
       Dungeon |  11149 |  10561 |    588 |   1385 |   7095 |  10 | 1114.9 |
        Temple |     18 |      2 |     16 |      0 |      0 |   1 |   18.0 |
          Lair |   7352 |   7275 |     77 |   1579 |   4106 |   5 | 1470.4 |
               +--------+--------+--------+--------+--------+-----+--------+

Top non-repeatable levels by time:
  Lair:2: 2420 daAuts
  Lair:4: 1536 daAuts
     D:8: 1523 daAuts
  Lair:3: 1450 daAuts
     D:9: 1442 daAuts
     D:4: 1281 daAuts
     D:7: 1264 daAuts
  Lair:1: 1218 daAuts
     D:5: 1193 daAuts
     D:2: 977 daAuts
     D:1: 949 daAuts
     D:3: 887 daAuts
    D:10: 815 daAuts
     D:6: 814 daAuts
  Lair:5: 727 daAuts
